 Dungeon Crawl Stone Soup version 0.26-a0-712-ga5a9c9c9d0 (webtiles) character file.

Game seed: 16439015964772208196

78 dmks the Insei (level 4, -2/29 HPs)
             Began as an Octopode Transmuter on Nov 10, 2020.
             Slain by a gnoll
             ... wielding a +0 flail
              (5 damage)
             ... on level 3 of the Dungeon.
             The game lasted 00:03:40 (3019 turns).

dmks the Insei (Octopode Transmuter)                Turns: 3019, Time: 00:03:41

Health: -2/29      AC:  1    Str:  9    XL:     4   Next: 36%
Magic:  7/7        EV: 13    Int: 15    God:
Gold:   130        SH:  0    Dex: 13    Spells: 7/8 levels left

rFire    . . .     SeeInvis .     - Unarmed
rCold    . . .     Faith    .   (no shield)
rNeg     . . .     Spirit   .   (helmet restricted)
rPois    .         Reflect  .   (no amulet)
rElec    .         Harm     .   (no ring)
rCorr    .         Rampage  .   (no ring)
MR       .....                  (no ring)
Stlth    ++........             (no ring)
HPRegen  0.09/turn              (no ring)
MPRegen  0.10/turn              (no ring)
                                (no ring)
                                (no ring)

@: no status effects
A: almost no armour, stealthy swim, amphibious, 8 rings, constrict 8, camouflage
1, gelatinous body 1
a: no special abilities


You were on level 3 of the Dungeon.
You visited 1 branch of the dungeon, and saw 3 of its levels.

You collected 130 gold pieces.

Inventory:

Scrolls
 a - 2 scrolls of teleportation {unknown}
 c - a scroll of random uselessness {unknown}
 e - 2 scrolls of enchant weapon {unknown}
 f - 2 scrolls of identify {unknown}
Potions
 b - 3 potions of curing {unknown}
 d - a potion of flight {unknown}


   Skills:
 + Level 1.7 Fighting
 - Level 2.0 Dodging
 * Level 3.7 Unarmed Combat
 + Level 2.5 Spellcasting
 * Level 3.0 Transmutations


You had 7 spell levels left.
You knew the following spells:

 Your Spells              Type           Power        Failure   Level
a - Beastly Appendage     Tmut           ##....       6%          1

Your spell library contained the following spells:

 Spells                   Type           Power        Failure   Level
 Wereblood                Tmut           ##......     10%         2
 Spider Form              Tmut/Pois      #.........   34%         3
 Ice Form                 Ice/Tmut       #.......     75%         4
 Blade Hands              Tmut           ##........   86%         5


Dungeon Overview and Level Annotations

Branches:
Dungeon (3/15)

Altars:
Nemelex Xobeh


Innate Abilities, Weirdness & Mutations

You cannot wear most types of armour.
You are very stealthy in the water. (Stealth+)
You are amphibious.
You can wear up to eight rings at the same time.
You can use your tentacles to constrict eight enemies at once.
Your skin changes colour to match your surroundings (Stealth+).
Your rubbery body absorbs attacks. (AC +1, EV +1)


Message History

The gnoll closely misses you. The gnoll hits you with a +0 halberd.
You tentacle-slap the gnoll. Your grab misses the gnoll.
You tentacle-slap the gnoll. Your grab misses the gnoll. You squeeze the gnoll.
Your transformation is almost over.
The gnoll barely misses you.
You tentacle-slap the gnoll. You grab the gnoll.
You squeeze the gnoll, but do no damage.
You constrict the gnoll, but do no damage.
A gnoll comes into view. It is wielding a +0 club.
The gnoll hits you with a +0 halberd!
Ouch! That really hurt!
* * * LOW HITPOINT WARNING * * *
The gnoll shouts!
You tentacle-slap the gnoll but do no damage.
You constrict the gnoll.
You kill the gnoll!
There is a stone staircase leading up here.
You climb upwards.
There is a stone staircase leading down, spattered with blood here.
You see here an adder corpse.
You start resting.
Your tentacle spike disappears.
One of your tentacles grows a vicious spike.
You climb downwards.
Your transformation is almost over.
There is a stone staircase leading up here.
The gnoll closely misses you.
You tentacle-slap the gnoll. You grab the gnoll. You constrict the gnoll.
The gnoll hits you with a +0 club!
You tentacle-slap the gnoll but do no damage.
You pierce the gnoll.
You squeeze the gnoll!
You kill the gnoll!
Your Transmutations skill increases to level 3!
A gnoll comes into view. It is wielding a +0 flail.
Your tentacle spike disappears.
Things that are here:
a +0 club; a gnoll corpse The gnoll shouts!
You tentacle-slap the gnoll but do no damage.
Your grab misses the gnoll. The gnoll hits you with a +0 flail!
* * * LOW HITPOINT WARNING * * *
You barely miss the gnoll. You grab the gnoll.
You constrict the gnoll, but do no damage.
The gnoll hits you with a +0 flail!
* * * LOW HITPOINT WARNING * * *
You tentacle-slap the gnoll but do no damage.
You squeeze the gnoll, but do no damage.
You constrict the gnoll. The gnoll hits you with a +0 flail.
You die...

#+# ### # #.#
#....
#.###.###..?#
#......@g...#
####.<#####.#
#..# ##.# #.#
#.# #.# #.#
#..


You could see a gnoll.

Vanquished Creatures
  2 gnolls (D:3)
  An adder (D:2)
  2 worms (D:2)
  2 dart slugs
  A leopard gecko (D:2)
  An orc (D:2)
  3 bats
  2 giant cockroaches
  3 goblins (D:2)
  2 hobgoblins
  6 jackals (D:2)
  A quokka (D:2)
  A ball python (D:2)
  3 frilled lizards (D:2)
  3 kobolds
  8 rats
41 creatures vanquished.

Notes
Turn   | Place    | Note
-------+----------+-------------------------------------------
     0 | D:1      | dmks the Octopode Transmuter began the quest for the Orb.
     0 | D:1      | Reached XP level 1. HP: 13/13 MP: 3/3
   568 | D:1      | Reached XP level 2. HP: 18/18 MP: 5/5
  1042 | D:2      | Found a sparkling altar of Nemelex Xobeh.
  1445 | D:2      | Reached XP level 3. HP: 23/23 MP: 4/6
  2669 | D:2      | Reached XP level 4. HP: 27/29 MP: 7/7
  3019 | D:3      | Slain by a gnoll

Illustrated notes

Levels and vault maps discovered:
D:1:      ncdulo_watergridlock, layout_loops_ring, chequers_serial_rivers_room_b
D:2:      layout_basic, nemelex_xobeh_ov_fountains_minmay, kennysheep_potato
D:3:      layout_loops_ring, chequers_temple_overflow_statue_of_worship,
          okawaru_trees_1, lemuel_doored_altar, uniq_sigmund

Skill      XL: |  1  2  3  4 |
---------------+-------------+-----
Transmutations | 3 |  3.0
Fighting       | |  1.7
Dodging        | |  2.0
Unarmed Combat | |  3.7
Spellcasting   | |  2.5

Action                   |  1- 3 |  4- 6 || total
-------------------------+-------+-------++-------
Melee: Unarmed           |    83 |     9 ||    92
       Constrict         |    22 |     3 ||    25
       Tentacles         |    13 |     4 ||    17
       Punch             |     4 |       ||     4
       Kick              |     3 |     1 ||     4
 Cast: Beastly Appendage |     4 |     2 ||     6
 Stab: Sleeping          |     2 |       ||     2
       Distracted        |     1 |       ||     1
Armor: Skin              |     5 |       ||     5
Dodge: Dodged            |    39 |     3 ||    42

Table legend: (Time is in decaauts)
 A = Elapsed time spent in this place.
 B = Non-inter-level travel time spent in this place.
 C = Inter-level travel time spent in this place.
 D = Time resting spent in this place.
 E = Time spent auto-exploring this place.
 F = Levels seen in this place.
 G = Mean time per level.
                   A        B        C        D        E       F      G
               +--------+--------+--------+--------+--------+-----+--------+
         Total |   3015 |   3008 |      7 |    778 |   1859 |   3 | 1005.0 |
       Dungeon |   3015 |   3008 |      7 |    778 |   1859 |   3 | 1005.0 |
               +--------+--------+--------+--------+--------+-----+--------+

Top non-repeatable levels by time:
     D:2: 1944 daAuts
     D:1: 970 daAuts
     D:3: 100 daAuts
